 Dungeon Crawl Stone Soup version 0.28-a0-687-gb91baff9cc (webtiles) character file.

Game seed: 1442478922809782380

27 cheechan the Skirmisher (level 2, -9/25 HPs)
             Began as a Demonspawn Chaos Knight on Oct 19, 2021.
             Was a Plaything of Xom.
             Mangled by a gnoll (12 damage)
             ... on level 2 of the Dungeon.
             The game lasted 00:04:05 (1440 turns).

cheechan the Skirmisher (Demonspawn Chaos Knight)   Turns: 1440, Time: 00:04:06

Health: -9/25      AC:  5    Str: 12    XL:     2   Next: 93%
Magic:  2/2        EV: 11    Int: 13    God:    Xom [..*...]
Gold:   26         SH:  0    Dex: 12    Spells: 1/1 levels left

rFire   . . .      SeeInvis .   a - +1 hand axe (chaos)
rCold   . . .      Faith    .   (no shield)
rNeg    . . .      Spirit   .   b - +2 leather armour
rPois   .          Reflect  .   (no helmet)
rElec   .          Harm     .   (no cloak)
rCorr   .          Rampage  .   (no gloves)
Will    .....                   (no boots)
Stlth   +.........              (no amulet)
HPRegen 0.08/turn               (no ring)
MPRegen 0.08/turn               (no ring)

@: no status effects
A: demonic touch 1
a: Renounce Religion


You were on level 2 of the Dungeon.
You worshipped Xom.
You were a toy of Xom.
You visited 1 branch of the dungeon, and saw 2 of its levels.

You collected 26 gold pieces.

Inventory:

Hand Weapons
 a - a +1 hand axe of chaos (weapon)
 d - a +0 hunting sling
Missiles
 e - 25 arrows
 f - 52 stones (quivered)
 g - 4 javelins
Armour
 b - a +2 leather armour (worn)


   Skills:
 + Level 3.7 Fighting
 + Level 3.0 Axes
 + Level 1.8 Armour
 + Level 1.0 Dodging
 + Level 0.2 Stealth


You had one spell level left.
You didn't know any spells.
Your spell library contained the following spells:

 Spells                   Type           Power      Damage    Failure   Level
 Beastly Appendage        Tmut           0%         N/A       36%         1
 Wereblood                Tmut           0%         N/A       52%         2
 Spider Form              Tmut/Pois      0%         N/A       75%         3


Dungeon Overview and Level Annotations

Branches:
Dungeon (2/15)

Altars:
Elyvilon


Innate Abilities, Weirdness & Mutations

Your touch may inflict minor irresistible damage on your foes.


Message History

The rat moves out of view.
The frilled lizard moves out of view.
A gnoll comes into view.
It is wielding a +1 halberd of freezing.
The adder hisses angrily.
The gnoll shouts!
You hear a shout! x3
A gnoll comes into view. It is wielding a +0 halberd.
A gnoll comes into view. It is wielding a +0 club.
Found 9 gold pieces.
The adder misses you.
You hit the adder.
The adder suddenly seems more agile.
The adder is heavily wounded.
The adder bites you but does no damage. x2
You hit the adder but do no damage.
The adder is heavily wounded.
The adder barely misses you.
You miss the adder.
The adder is heavily wounded.
The adder barely misses you. x2
The gnoll hits you from afar with a +1 halberd of freezing.
* * * LOW HITPOINT WARNING * * *
The gnoll freezes you.
* * * LOW HITPOINT WARNING * * *
You feel much better.
A gnoll comes into view. It is wielding a +0 club.
A bat comes into view.
The adder completely misses you. The gnoll misses you.
You barely miss the adder.
The adder is heavily wounded.
You barely miss the gnoll. The adder bites you but does no damage.
A hobgoblin comes into view.
The gnoll closely misses you. The adder barely misses you.
The gnoll barely misses you.
You barely miss the adder.
The adder is heavily wounded.
The hobgoblin shouts!
You hit the gnoll.
Space bends around the gnoll.
The gnoll hits you with a +0 club.
The gnoll hits you from afar with a +0 halberd!
* * * LOW HITPOINT WARNING * * *
The adder barely misses you.
The gnoll hits you from afar with a +1 halberd of freezing!
You die...
Xom snickers!

#.... #...$
#.... #....
#....
......#.....
#....###
............
#.....###
...........
#..S@.g.#
..........
#.###g#.#
#........
..g#.#
#........
...#.#.#
#........
#...#....
#....... ##.
.g...
#####.## ..
..g... # ..
......


You could see 4 gnolls, an adder (agile) and a hobgoblin.

Vanquished Creatures
  2 ball pythons
  3 bats
  6 endoplasms (D:1)
  2 giant cockroaches (D:1)
  3 goblins
  2 hobgoblins
  A jackal (D:1)
  2 frilled lizards (D:1)
  2 kobolds (D:1)
  A rat (D:1)
24 creatures vanquished.

Notes
Turn   | Place    | Note
-------+----------+-------------------------------------------
     0 | D:1      | cheechan the Demonspawn Chaos Knight began the quest for
                  | the Orb.
     0 | D:1      | Reached XP level 1. HP: 18/18 MP: 1/1
   101 | D:1      | XOM: butterfly on damage
   258 | D:1      | XOM: silly message
   382 | D:1      | Discovered your monstrous ancestry.
   382 | D:1      | Gained mutation: Your touch may inflict minor irresistible
                  | damage on your foes. [demonic ancestry]
   382 | D:1      | Reached XP level 2. HP: 14/24 MP: 2/2
  1012 | D:1      | Reached skill level 1 in Dodging
  1387 | D:2      | XOM: smoke on damage
  1431 | D:2      | XOM: 5-stop teleportation journey
  1440 | D:2      | Mangled by a gnoll

Illustrated notes

Levels and vault maps discovered:
D:1:      lightli_arrival_statue_moat, layout_basic, st_stairs_12
D:2:      layout_basic, basic_altar, chequers_ecumenical_altar_simple

Skill      XL: |  1  2 |
---------------+-------+-----
Axes           | 3 |  3.0
Dodging        | 1 |  1.0
Fighting       | |  3.7
Armour         | |  1.8
Stealth        | |  0.2

Action                   || total
-------------------------++-------
Melee: Hand axe          ||    52
       Touch             ||     7
  Use: Scroll            ||     3
       Potion            ||     1
Armor: Leather armour    ||    23
Dodge: Dodged            ||    40

Table legend: (Time is in decaauts)
 A = Elapsed time spent in this place.
 B = Non-inter-level travel time spent in this place.
 C = Inter-level travel time spent in this place.
 D = Time resting spent in this place.
 E = Time spent auto-exploring this place.
 F = Levels seen in this place.
 G = Mean time per level.
                   A        B        C        D        E       F      G
               +--------+--------+--------+--------+--------+-----+--------+
         Total |   1448 |   1448 |      0 |    303 |      0 |   2 |  724.0 |
       Dungeon |   1448 |   1448 |      0 |    303 |      0 |   2 |  724.0 |
               +--------+--------+--------+--------+--------+-----+--------+

Top non-repeatable levels by time:
     D:1: 1345 daAuts
     D:2: 102 daAuts
